 Dungeon Crawl Stone Soup version 0.20-a0-991-g93344ec (webtiles) character file.

4342 Rrauwl the Fighter (level 10, -12/83 HPs)
             Began as a Bultungin Arcane Marksman on Apr 11, 2017.
             Was an Initiate of Ashenzari.
             Mangled by a two-headed ogre
             ... wielding a +0 giant club
              (18 damage)
             ... on level 8 of the Dungeon.
             The game lasted 00:25:31 (5930 turns).

Rrauwl the Fighter (Bultungin Arcane Marksman)      Turns: 5930, Time: 00:25:33

Health: -12/83     AC: 12    Str: 13    XL:     10   Next: 33%
Magic:  19/19      EV:  3    Int: 13    God:    Ashenzari [......]
Gold:   291        SH:  0    Dex: 15    Spells: 20/21 levels left

rFire    . . .     SeeInvis +   a - +0 hand crossbow
rCold    . . .     Gourm    .   (no shield)
rNeg     . . .     Faith    .   l - +1 plate armour
rPois    .         Spirit   .   (no helmet)
rElec    .         Reflect  .   (no cloak)
rCorr    .         Harm     .   r - +0 pair of gloves
MR       .....                  (no boots)
Stlth    ..........             (no amulet)
Regen    0.3/turn               h - +2 ring of slaying
MPRegen  0.2/turn               (no ring)

@: extremely drained
A: short attention span, fangs 1, see invisible, strong nose
a: Curse Item, Renounce Religion


You were on level 8 of the Dungeon.
You worshipped Ashenzari.
Ashenzari was noncommittal.
You were not hungry.

You visited 2 branches of the dungeon, and saw 9 of its levels.

You collected 375 gold pieces.
You spent 84 gold pieces at shops.

Inventory:

Hand Weapons
 a - a +0 hand crossbow (weapon)
Missiles
 d - 49 bolts (quivered)
Armour
 l - a +1 plate armour (worn)
 m - a +1 ring mail of fire resistance
 r - a +0 pair of gloves (worn)
Jewellery
 h - a +2 ring of slaying (left hand)
 n - an uncursed amulet of harm
Wands
 g - a wand of lightning (4/15)
 k - a wand of lightning (14/15)
 p - a wand of confusion (23/48)
 q - a wand of polymorph (8/24)
 s - a wand of lightning (8/15)
 t - a wand of flame (20/48)
 u - a wand of paralysis (19/24)
 v - a wand of polymorph (10/24)
 y - a wand of confusion (15/48)
 F - a wand of lightning (11/15)
Scrolls
 o - a scroll of remove curse
 A - a scroll of magic mapping
 C - 3 scrolls of teleportation
 E - a scroll of identify
Potions
 b - a potion of might
 z - 2 potions of flight
 B - a potion of curing
Books
 c - a book of Debilitation

   Spells                             Type                      Level
   a - Corona                         Hexes                        1
   b - Slow                           Hexes                        2
   c - Inner Flame                    Hexes/Fire                   3
   d - Portal Projectile              Hexes/Translocation          3
   e - Cause Fear                     Hexes                        4
   f - Leda's Liquefaction            Hexes/Earth                  4
Comestibles
 f - 8 bread rations
 i - 8 meat rations
 j - 2 royal jellies
 w - 10 chunks of flesh


   Skills:
 - Level 9.3(2.6) Fighting
 - Level 9.1(2.4) Crossbows
 + Level 6.0(0.0) Armour
 + Level 7.0(0.7) Dodging
 + Level 6.3(0.1) Spellcasting
 + Level 7.4(1.0) Hexes
 + Level 7.6(1.2) Evocations


You had 20 spell levels left.
You knew the following spells:

 Your Spells              Type           Power        Failure   Level  Hunger
a - Corona                Hex            #......      100%        1    ##.....


Dungeon Overview and Level Annotations

Branches:
Dungeon (8/15)             Temple (1/1) D:6
   Lair: D:8-11

Altars:
Ashenzari
Dithmenos
Elyvilon
Fedhas
Gozag
Hepliaklqana
Kikubaaqudgha
Makhleb
Nemelex Xobeh
Okawaru
Qazlal
Ru
Sif Muna
Trog
Vehumet
Xom
Yredelemnul
Zin
The Shining One

Shops:
D:7 !


Innate Abilities, Weirdness & Mutations

You have a short attention span.
You have very sharp teeth.
You have supernaturally acute eyesight. (SInv)
Your uncanny sense of smell can sniff out nearby items.


Message History

You shoot a bolt.
The bolt hits the two-headed ogre but does no damage.
The two-headed ogre is heavily wounded.
The two-headed ogre is engulfed in blazing flames.
Firing (i - inventory):
d - 51 bolts (quivered)
Press: ? - help, Shift-Dir - straight line, f/p - two-headed ogre
Aim: a two-headed ogre, wielding a giant club and a dire flail (severely wounded)
You shoot a bolt. The bolt hits the two-headed ogre!
The two-headed ogre is almost dead.
Firing (i - inventory):
d - 50 bolts (quivered)
Press: ? - help, Shift-Dir - straight line, f/p - two-headed ogre
Aim: a two-headed ogre, wielding a giant club and a dire flail (almost dead)
You shoot a bolt.
The bolt completely misses the two-headed ogre.
The two-headed ogre hits you with a giant club!!
The two-headed ogre hits you but does no damage.
The two-headed ogre hits you with a giant club!!
* * * LOW HITPOINT WARNING * * *
The two-headed ogre hits you with a dire flail!!
You die...

#.(.# #§§§#
#§§§# #§§§#
.#####...######
..§§§.$...§§§.#
..§§§..O..§§§..
..§§§..@$.§§§..
/#####...#####.
#§§§# #§§§#
#§§§# #...#
#######..##
.....>..##
#####.#..#


You could see a two-headed ogre.

Vanquished Creatures
  The ghost of Multipenetrator the Slicer, a novice BaWn of Cheibriados (D:8)
  The ghost of endorz the Sneak, a novice OpAs (D:4)
  Grinder (D:4)
  Prince Ribbit (D:6)
  A hippogriff (D:7)
  A spriggan (D:7)
  Sigmund (D:3)
  Eustachio (D:6)
  A water moccasin (D:6)
  2 orc warriors
  A sky beast (D:5)
  A hornet zombie (D:7)
  A black bear (D:8)
  2 ogres
  2 centaurs
  Blork the orc (D:4)
  4 bullfrogs
  4 scorpions
  A water moccasin skeleton (D:6)
  4 hounds
  A jelly (D:6)
  5 orc priests
  9 orc wizards
  6 worker ants
  A killer bee zombie (D:7)
  2 worker ant zombies (D:7)
  2 howler monkey skeletons
  10 adders
  4 gnolls
  2 oozes (D:1)
  2 adder skeletons
  3 dart slugs
  5 leopard geckos
  17 orcs
  A ball python (D:5)
  6 bats
  6 giant cockroaches
  6 goblins
  7 hobgoblins
  10 jackals
  3 kobolds
  3 quokkas
  2 frilled lizards
  A leopard gecko skeleton (D:4)
  7 rats
153 creatures vanquished.

Notes
Turn   | Place    | Note
-------+----------+-------------------------------------------
     0 | D:1      | Rrauwl the Bultungin Arcane Marksman began the quest for the Orb.
     0 | D:1      | Reached XP level 1. HP: 15/15 MP: 3/3
    47 | D:1      | Reached XP level 2. HP: 22/22 MP: 5/5
   260 | D:1      | Reached XP level 3. HP: 25/29 MP: 6/6
   509 | D:2      | Found a blossoming altar of Fedhas.
   666 | D:2      | Reached XP level 4. HP: 37/37 MP: 7/7
   990 | D:3      | Reached skill level 5 in Crossbows
  1208 | D:3      | Noticed Sigmund
  1213 | D:3      | Killed Sigmund
  1213 | D:3      | Reached XP level 5. HP: 46/46 MP: 8/8
  1213 | D:3      | Reached XP level 6. HP: 52/52 MP: 9/9
  1483 | D:3      | Found a sacrificial altar of Ru.
  1511 | D:4      | Noticed endorz's ghost (novice OpAs)
  1521 | D:4      | Killed endorz's ghost
  1521 | D:4      | Reached XP level 7. HP: 59/60 MP: 10/10
  1598 | D:4      | Noticed Grinder
  1599 | D:4      | Paralysed by Grinder for 6 turns
  1610 | D:4      | Paralysed by Grinder for 5 turns
  1623 | D:4      | Killed Grinder
  1753 | D:4      | Noticed Blork the orc
  1757 | D:4      | Reached XP level 8. HP: 67/68 MP: 11/11
  1771 | D:4      | Killed Blork the orc
  2219 | D:5      | Entered Level 5 of the Dungeon
  2708 | D:5      | Reached skill level 1 in Evocations
  3284 | D:7      | Found Reamp's Distillery.
  3295 | D:7      | Bought a potion of lignification for 42 gold pieces
  3295 | D:7      | Bought a potion of flight for 42 gold pieces
  3316 | D:7      | Found a stormy altar of Qazlal.
  3316 | D:7      | Noticed an air elemental
  3525 | D:7      | Reached XP level 9. HP: 68/76 MP: 12/12
  3528 | D:7      | Found an opulent altar of Gozag.
  3613 | D:7      | Reached skill level 1 in Armour
  3613 | D:7      | Reached skill level 5 in Evocations
  3854 | D:7      | Reached skill level 5 in Hexes
  4689 | D:6      | Reached skill level 5 in Dodging
  4691 | D:6      | Noticed Eustachio
  4699 | D:6      | Killed Eustachio
  4783 | D:6      | Reached skill level 5 in Spellcasting
  4955 | D:6      | Noticed Prince Ribbit
  4967 | D:6      | Killed Prince Ribbit
  4967 | D:6      | Reached XP level 10. HP: 81/83 MP: 16/18
  4998 | D:6      | Reached skill level 5 in Armour
  5333 | D:6      | Found a staircase to the Ecumenical Temple.
  5339 | Temple   | Entered the Ecumenical Temple
  5371 | Temple   | Became a worshipper of Ashenzari the Shackled
  5754 | D:8      | Noticed Multipenetrator's ghost (novice BaWn)
  5831 | D:8      | Killed Multipenetrator's ghost
  5925 | D:8      | Noticed a two-headed ogre
  5930 | D:8      | Mangled by a two-headed ogre

Vault maps used:
D:1:      lemuel_arrival_behind_the_door_large
D:2:      lemuel_crystal_altar
D:3:      nicolae_ru_the_path_less_chosen, uniq_sigmund
D:4:      uniq_blork_the_orc, uniq_grinder
D:5:      first_bread
D:6:      minmay_temple_entry_fiery, uniq_prince_ribbit1, uniq_eustachio
D:7:      nicolae_gozag_seed_capital, nicolae_qazlal_style_of_elements,
          serial_shops, shop_coins, the_bakery
D:8:      lemuel_flame_loot_1, uniq_maurice, uniq_erica
Temple:   regret_index_temple_generic_petals

Skill      XL: |  1  2  3  4  5  6  7  8  9 10 |
---------------+-------------------------------+-----
Spellcasting   | 2 5 6 |  6.3
Fighting       | 2 3 6 7 8 9 |  9.3
Crossbows      | 4 6 7 8 9 |  9.1
Evocations     | 4 7 |  7.6
Armour         | 4 6 |  6.0
Hexes          | 6 7 |  7.4
Dodging        | 6 7 |  7.0

Action                   |  1- 3 |  4- 6 |  7- 9 | 10-12 || total
-------------------------+-------+-------+-------+-------++-------
Melee: Unarmed           |       |       |       |     2 ||     2
 Fire: Hand crossbow     |    71 |    93 |   322 |   121 ||   607
  Use: Scroll            |     2 |     7 |     4 |       ||    13
       Potion            |     1 |     2 |     7 |     4 ||    14
  Eat: Chunk             |       |     2 |     8 |     3 ||    13
       Royal jelly       |       |       |     1 |       ||     1
Armor: Robe              |    10 |       |       |       ||    10
       Plate armour      |     6 |    53 |   125 |    53 ||   237
       Skin              |       |       |       |    30 ||    30
Dodge: Dodged            |    28 |     4 |    31 |    30 ||    93
